Map: Defender's Landing LE

Players

Blodir - Winner!

  • Race: Zerg Zerg
  • League: Diamond
  • Spawn Location: 7:00

Antis

  • Race: Protoss Protoss
  • League: Grandmaster
  • Spawn Location: 1:00

VOD

Have the link to the VOD?

Description

Time

  • Played on: June 27, 2017, 1:57 a.m.
  • Length: 5:16
Show
View Real Time Build Order
Export as new Build Order

Blodir Zerg - Winner!

Build Orders: Hatch First 

Get SALT Encoding   

  12  0:01  Drone  
  13  0:13  Overlord  
  13  0:17  Drone  
  14  0:31  Drone x2  
  14  0:35  Drone  
  17  0:53  Hatchery  
  17  0:55  Drone  
  17  0:59  Extractor  
  17  1:00  Drone  
  17  1:16  Spawning Pool  
  17  1:18  Drone  
  17  1:25  Drone  
  18  1:29  Drone  
  19  1:39  Overlord  
  19  1:50  Drone  
  20  2:03  Queen  
  20  2:05  Queen  
  20  2:06  Zergling x4  
  26  2:10  Metabolic Boost  
  26  2:14  Drone  
  27  2:18  Drone  
  28  2:24  Drone  
  28  2:29  Drone  
  30  2:41  Queen  
  30  2:43  Pneumatized Carapace  
  32  2:48  Evolution Chamber  
  32  2:50  Drone x2  
  33  2:57  Zergling x4  
  35  2:59  Overlord  
  35  3:05  Zergling x2  
  36  3:13  Overlord  
  35  3:26  Zergling x14  
  42  3:32  Overlord  
  42  3:40  Zergling x2  
  41  3:49  Zergling x16  
  49  4:09  Overlord x2  
  45  4:10  Queen  
  45  4:15  Zergling x2  
  45  4:16  Zergling x2  
  44  4:29  Zergling x8  
  47  4:31  Zergling x2  
  46  4:38  Zergling x2  
  46  4:39  Queen  
  49  4:49  Hatchery  
  49  4:50  Zergling x4  
  50  4:59  Drone  
Show
View Real Time Build Order
Export as new Build Order

Antis Protoss 

Build Orders: 1 Gate Expand, Oracle Opening, Phoenix Opening 

Get SALT Encoding   

  12  0:01  Probe (Chrono Boost)  
  13  0:12  Probe (Chrono Boost)  
  14  0:22  Pylon  
  14  0:23  Probe (Chrono Boost)  
  15  0:40  Probe (Chrono Boost), Gateway  
  16  0:45  Assimilator  
  16  0:50  Probe (Chrono Boost)  
  17  1:01  Probe (Chrono Boost)  
  18  1:11  Probe (Chrono Boost)  
  19  1:22  Probe (Chrono Boost)  
  20  1:27  Nexus  
  20  1:39  Cybernetics Core  
  20  1:41  Probe (Chrono Boost)  
  20  1:45  Assimilator  
  21  1:52  Probe (Chrono Boost)  
  22  1:57  Pylon  
  22  2:02  Probe (Chrono Boost)  
  23  2:15  Probe (Chrono Boost), Adept (Chrono Boost)  
  26  2:16  Warp Gate  
  26  2:27  Probe  
  27  2:37  Stargate  
  27  2:39  Probe  
  27  2:40  Probe, Adept (Chrono Boost)  
  32  2:51  Probe x2  
  32  2:55  Gateway  
  33  3:01  Probe  
  33  3:03  Probe  
  35  3:06  Gateway  
  35  3:12  Probe  
  35  3:19  Probe  
  37  3:22  Mothership Core, Oracle (Chrono Boost)  
  42  3:31  Probe, Pylon  
  43  3:41  Probe  
  43  3:43  Probe  
  45  3:52  Probe  
  45  3:54  Phoenix (Chrono Boost)  
  48  3:56  Probe  
  49  4:08  Probe  
  46  4:10  Probe  
  40  4:21  Adept  
  40  4:23  Probe, Adept x2  
  39  4:24  Probe  
  39  4:44  Zealot x2  
  39  4:45  Probe  
  38  4:46  Zealot  
  38  4:59  Probe  
  32  5:00  Probe  
  32  5:01  Pylon  
  32  5:05  Gateway  
  32  5:06  Gateway  
  32  5:07  Pylon  
Tags
 
Add a new tag
Caveats
  • Supply blocks, unpowered buildings, or Contaminate may cause inaccurate times.
  • Supply counts are checked every 10 seconds.